AoeStats
← SAKI

Nomad

510290037Analyzed
2v2 RM · 17h ago on Sep 30, 2026· 26m 19s· 4 players
Game mode
Random Map
Map size
176×176
Population
200
Speed
Normal
Resources
Standard
Victory
Conquest
Starting age
Dark Age
Ending age
Imperial Age
RankedLock teamsTeams togetherTeam positionsShared explorationLock speedFull tech treeHidden civsTurbo modeCheats
Victory
Defeat
🇦🇷 Persians · Argentina
1155
+11
🇪🇸 Varangians · Spain
1099
+13
🇨🇳 Slavs · China
1142
-16
🇨🇳 Japanese · China
928
-8
OBrien11
3:23 Loom
15:53 Feudal Age
17:13 Wheelbarrow
16:27 Double-Bit Axe
16:59 Fishing Lines
20:45 Castle Age
18:40 Gold Mining
19:16 Forging
20:24 Scale Barding Armor
21:38 Bloodlines
21:31 Husbandry
21:54 Chain Barding Armor
24:16 Fletching
24:54 Bodkin Arrow
26:10 Ballistics
Marco Aurelio
4:23 Loom
17:23 Feudal Age
19:11 Fishing Lines
20:23 Town Watch
23:11 Castle Age
23:03 Stone Mining
25:10 Double-Bit Axe
26:58 Bow Saw
Canyu
11:00 Loom
13:27 Feudal Age
13:34 Man-at-Arms
14:30 Arson
17:16 Horse Collar
17:24 Double-Bit Axe
21:30 Forging
23:16 Stone Mining
23:18 Gold Mining
SAKI
4:12 Loom
16:52 Feudal Age
17:38 Double-Bit Axe
20:27 Castle Age
19:10 Horse Collar
19:28 Fishing Lines
21:31 Gold Mining
21:53 Bow Saw
21:46 Heavy Plow
23:50 Wheelbarrow
23:21 Stone Mining
23:39 Gillnets
25:34 Gold Shaft Mining
25:57 Hand Cart
Connection lost

Rejoining the realm…

Still unreachable

The connection could not be restored.

Session expired

The server has moved on; the page needs a fresh start.